 Dungeon Crawl Stone Soup version 0.29.1-15-g9cfb28693d (webtiles) character file.

Game seed: 5941448588940369559

84 Groucho the Digger (level 4, 0/24 HPs)
             Began as a Deep Elf Earth Elementalist on Apr 6, 2023.
             Succumbed to an adder's poison
             ... on level 3 of the Dungeon.
             The game lasted 00:05:36 (5029 turns).

Groucho the Digger (Deep Elf Earth Elementalist)    Turns: 5029, Time: 00:05:36

Health: 0/24       AC:  2    Str:  7    XL:     4   Next: 23%
Magic:  10/11      EV: 13    Int: 20    God:
Gold:   105        SH:  0    Dex: 15    Spells: 6/10 levels left

rFire   . . .      SeeInvis .   g - +0 spear
rCold   . . .      Faith    .   (no shield)
rNeg    . . .      Spirit   .   a - +0 robe
rPois   .          Reflect  .   (no helmet)
rElec   .          Harm     .   d - scarf {shadows}
rCorr   .          Rampage  .   (no gloves)
Will    .....                   (no boots)
Stlth   ++........              (no amulet)
HPRegen 0.08/turn               (no ring)
MPRegen 0.12/turn               (no ring)

@: mighty, lethally poisoned (0 -> -1), attractive, hasted, very quick
A: wild magic 1
a: no special abilities


You were on level 3 of the Dungeon.
You visited 1 branch of the dungeon, and saw 3 of its levels.

You collected 105 gold pieces.

Inventory:

Hand Weapons
 g - a +0 spear (weapon)
Missiles
 i - 6 poisoned darts
Armour
 a - a +0 robe (worn)
 d - a scarf of shadows (worn)
 j - a +0 leather armour
Scrolls
 c - a scroll of brand weapon {unknown}
 l - a scroll of identify {unknown}
 m - a scroll of vulnerability {unknown}
Potions
 b - 2 potions of magic
 e - a potion of mutation


   Skills:
 + Level 3.2 Dodging
 + Level 3.4 Stealth
 + Level 3.8 Spellcasting
 - Level 1.1 Transmutations
 * Level 4.3 Earth Magic


You had 6 spell levels left.
You knew the following spells:

 Your Spells              Type           Power      Damage    Failure   Level
a - Sandblast             Erth           54%        2d13      4%          1
b - Stone Arrow           Conj/Erth      32%        3d9       22%         3

Your spell library contained the following spells:

 Spells                   Type           Power      Damage    Failure   Level
 Passwall                 Tmut/Erth      15%        N/A       10%         2
 Petrify                  Tmut/Erth      19%        N/A       47%         4


Dungeon Overview and Level Annotations

Branches:
Dungeon (3/15)

Altars:

Shops:
D:1 *(=(


Innate Abilities, Weirdness & Mutations

Your spells are a little harder to cast, but a little more powerful.


Message History

You miss the adder.
The adder is moderately wounded.
The adder barely misses you.
You hit the adder.
The adder is heavily wounded.
The adder bites you.
You are poisoned.
The adder poisons you! The adder bites you.
You are lethally poisoned!
The adder poisons you!
Unknown command.
Casting: Sandblast (safe; 4% risk of failure)
Confirm with . or Enter, or press ? or * to list all spells.
Aiming: Sandblast (safe; 4% risk of failure)
Press: ? - help, Shift-Dir - straight line, f - adder
Aim: an adder (heavily wounded, 72% to hit)
The blast of sand hits the adder!
You kill the adder!
* * * LOW HITPOINT WARNING * * *
You feel very sick.
It was a potion of might.
You feel very mighty all of a sudden.
* * * LOW HITPOINT WARNING * * *
You feel sick.
It was a potion of haste.
You feel yourself speed up.
* * * LOW HITPOINT WARNING * * *
You feel sick.
It was a potion of attraction.
You feel attractive to monsters.
* * * LOW HITPOINT WARNING * * *
You feel sick.
Unknown command.
Unknown command.
Okay, then.
* * * LOW HITPOINT WARNING * * *
You feel sick.
* * * LOW HITPOINT WARNING * * *
You feel sick.
You open the door.
You die...

#.# #.# ##+# #.# ##
.....#.###.#
.....#.#...
.....#'#.# #.@..#
#....#
#####+#+####....#
#..........#....#
#..........##'#.#
#...(......'..#...
#..........######...
#..........# ...
#..........# ..


There were no monsters in sight!

Vanquished Creatures
  4 adders
  A worm (D:2)
  3 ball pythons
  4 endoplasms
  4 giant cockroaches
  4 goblins
  6 hobgoblins
  4 kobolds
  2 quokkas
  2 bats (D:1)
  7 frilled lizards
  3 rats (D:1)
44 creatures vanquished.

Notes
Turn   | Place    | Note
-------+----------+-------------------------------------------
     0 | D:1      | Groucho the Deep Elf Earth Elementalist began the quest for
                  | the Orb.
     0 | D:1      | Reached XP level 1. HP: 10/10 MP: 6/6
   120 | D:1      | Found Rydoton's Weapon Shop.
   172 | D:1      | Reached XP level 2. HP: 15/15 MP: 5/8
   231 | D:1      | Found Poutanax's General Store.
   320 | D:1      | Found Qieffa's Jewellery Shoppe.
   480 | D:1      | Found Qomutadas's Antique Weapon Shop.
  1724 | D:1      | Found a faded altar of an unknown god.
  1884 | D:2      | Reached XP level 3. HP: 6/19 MP: 7/9
  3086 | D:2      | Learned a level 3 spell: Stone Arrow
  3230 | D:2      | Reached skill level 4 in Earth Magic
  3591 | D:2      | Gained mutation: Your spells are a little harder to cast,
                  | but a little more powerful. [potion of mutation]
  4536 | D:3      | Reached XP level 4. HP: 12/24 MP: 11/11
  5027 | D:3      | HP: 1/24 [poisoned by an adder]
  5029 | D:3      | Succumbed to an adder's poison

Illustrated notes

Levels and vault maps discovered:
D:1:      shiori_arrival_maze, layout_basic, serial_shops, shop_fountains, shop,
          nicolae_shop_behind_doors, nicolae_shop_bloodbath_and_beyond,
          basic_ecumenical_altar
D:2:      layout_loops_ring
D:3:      layout_basic

Skill      XL: |  1  2  3 |
---------------+----------+-----
Stealth        | 3 |  3.4
Dodging        | 3 |  3.2
Earth Magic    | 4 |  4.3
Spellcasting   | |  3.8
Transmutations | |  1.1

Action                   |  1- 3 |  4- 6 || total
-------------------------+-------+-------++-------
Melee: Spear             |   113 |     8 ||   121
       Punch             |     1 |       ||     1
 Cast: Sandblast         |    29 |     1 ||    30
  Use: Potion            |     2 |     3 ||     5
 Stab: Sleeping          |     9 |       ||     9
Armor: Robe              |    12 |       ||    12
Dodge: Dodged            |    68 |     4 ||    72
